AoeStats
← tony le gros rou

Socotra

505890016Analyzed
4v4 RM · 21d ago on Sep 11, 2026· 34m 43s· 8 players
Game mode
Random Map
Map size
148×148
Population
200
Speed
Normal
Resources
Standard
Victory
Conquest
Starting age
Dark Age
Ending age
Imperial Age
RankedLock teamsTeams togetherTeam positionsShared explorationLock speedFull tech treeHidden civsTurbo modeCheats
Victory
Defeat
🇫🇷 Huns · France
1487
+12
🇫🇷 Malay · France
1464
+12
🇩🇪 Vietnamese · Germany
1417
+14
🇫🇷 Maya · France
1377
+16
🇨🇴 Italians · Colombia
1466
-16
🇦🇷 Khitans · Argentina
1466
-17
🇨🇴 Turks · Colombia
1332
-12
🇦🇷 Magyars · Argentina
1264
-9
I CZK I Break
0:26 Loom
12:16 Feudal Age
13:16 Double-Bit Axe
21:16 Fletching
22:09 Padded Archer Armor
26:55 Castle Age
25:14 Horse Collar
26:20 Gold Mining
26:57 Crossbowman
27:35 Bodkin Arrow
34:25 Leather Archer Armor
| CZK | Ashvini
6:22 Loom
6:28 Loom
9:12 Feudal Age
10:04 Double-Bit Axe
11:02 Scale Barding Armor
11:10 Forging
16:20 Scale Barding Armor
19:11 Wheelbarrow
25:51 Castle Age
24:21 Domestication
27:21 Chain Barding Armor
26:33 Light Cavalry
29:26 Husbandry
31:32 Iron Casting
| CZK | DiegoAvalo
7:21 Loom
10:34 Feudal Age
11:14 Double-Bit Axe
14:46 Bloodlines
15:36 Scale Barding Armor
21:58 Forging
22:23 Horse Collar
25:47 Castle Age
24:14 Gold Mining
26:53 Chain Barding Armor
27:08 Iron Casting
30:11 Gold Shaft Mining
Rocker_
7:07 Loom
9:52 Feudal Age
9:59 Man-at-Arms
14:09 Double-Bit Axe
19:16 Fletching
21:33 Castle Age
20:31 Padded Archer Armor
21:37 Crossbowman
22:46 Bodkin Arrow
24:12 Gold Mining
26:56 Town Watch
30:47 Ballistics
31:17 Wheelbarrow
31:58 Leather Archer Armor
tony le gros rou
5:48 Loom
9:00 Feudal Age
24:00 Castle Age
22:17 Scale Barding Armor
22:55 Forging
23:11 Bloodlines
23:45 Double-Bit Axe
23:45 Horse Collar
ccereal
4:32 Loom
10:52 Feudal Age
10:44 Double-Bit Axe
15:13 Fletching
19:24 Wheelbarrow
23:10 Castle Age
21:22 Horse Collar
21:33 Gold Mining
22:08 Crossbowman
22:47 Bodkin Arrow
25:25 Ballistics
26:32 Bow Saw
26:48 Town Watch
28:27 Padded Archer Armor
31:37 Heavy Plow
p0n0n0
5:03 Loom
9:14 Feudal Age
10:29 Double-Bit Axe
10:26 Horse Collar
19:53 Forging
20:54 Scale Barding Armor
22:16 Wheelbarrow
23:53 Bloodlines
26:28 Castle Age
24:35 Horse Collar
24:46 Gold Mining
26:52 Light Cavalry
28:02 Chain Barding Armor
27:56 Bow Saw
29:36 Iron Casting
35:07 Heavy Plow
Tonymontana
0:26 Loom
10:23 Feudal Age
11:17 Double-Bit Axe
18:02 Fletching
26:30 Castle Age
24:39 Gold Mining
25:21 Padded Archer Armor
26:35 Crossbowman
27:28 Thumb Ring
28:42 Bodkin Arrow
30:53 Wheelbarrow
32:51 Hand Cart
Connection lost

Rejoining the realm…

Still unreachable

The connection could not be restored.

Session expired

The server has moved on; the page needs a fresh start.